 Dungeon Sprint DCSS version 0.31-a0-145-g046c7d2549 (webtiles) character file.

Game seed: 15325485132001985610

6414 Darkkill the Warrior (level 10, -5/108 HPs)
             Began as a Green Draconian Monk on June 6, 2023.
             Was a High Priest of Nemelex Xobeh.
             Slain by a komodo dragon (26 damage)
             ... in the Dungeon (Sprint VII: "The Pits").
             The game lasted 00:05:48 (1270 turns).

Darkkill the Warrior (Green Draconian Monk)         Turns: 1270, Time: 00:05:49

Health: -5/108     AC:  8    Str: 17    XL:     10   Next: 66%
Magic:  10/10      EV: 21    Int: 10    God:    Nemelex Xobeh [*****.]
Gold:   0          SH:  0    Dex: 18    Spells: 9/9 levels left

rFire   . . .        s - +0 lajatang (spect)
rCold   . . .        (shield currently unavailable)
rNeg    . . .        (body armour unavailable)
rPois   +            (helmet restricted)
rElec   .            (no cloak)
rCorr   .            (no gloves)
SInv    .            r - +0 pair of boots
Will    .....        (no amulet)
Stlth   ++           j - +3 ring of evasion
HPRegen 0.38/turn    p - +3 ring of dexterity
MPRegen 0.12/turn

%: no teleportation
@: constricted
A: breathe noxious fumes, AC +7, unfitting armour, poison resistance,
cold-blooded
a: Breathe Noxious Fumes, Renounce Religion, Draw Escape, Draw Destruction, Draw
Summoning, Triple Draw, Deal Four, Stack Five


You were in the Dungeon.
You worshipped Nemelex Xobeh.
Nemelex Xobeh was extremely pleased with you.
You visited 1 branch

Inventory:

Hand Weapons
 s - a +0 spectral lajatang (weapon)
Missiles
 c - 6 poisoned darts
 k - 12 stones (quivered)
Armour
 r - a +0 pair of boots (worn)
Jewellery
 j - a +3 ring of evasion (left hand)
 p - a +3 ring of dexterity (right hand)
Scrolls
 l - 5 scrolls of amnesia
Potions
 a - 2 potions of invisibility
 b - a potion of ambrosia
 d - 5 potions of curing {@q1}
 e - 6 potions of heal wounds
 f - 3 potions of haste
 g - 4 potions of magic
 h - 3 potions of berserk rage
 o - a potion of brilliance
 q - a potion of resistance


   Skills:
 + Level 16.6 Fighting
 + Level 15.1 Long Blades
 + Level 13.9 Dodging


You had 9 spell levels left.
You didn't know any spells.
Your spell library was empty.

Dungeon Overview and Level Annotations

Branches:
Dungeon (1/1)

Altars:
Ashenzari
Cheibriados
Dithmenos
Elyvilon
Fedhas
Gozag
Hepliaklqana
Kikubaaqudgha
Makhleb
Nemelex Xobeh
Okawaru
Qazlal
Ru
Sif Muna
Trog
Uskayaw
Vehumet
Wu Jian
Xom
Yredelemnul
Zin
The Shining One
Jiyva
Lugonu


Innate Abilities, Weirdness & Mutations

You can breathe blasts of noxious fumes.
Your lurid green scales are hard. (AC +7)
You cannot fit into any form of body armour.
Your system is resistant to poisons. (rPois)
You are cold-blooded and may be slowed by cold attacks.


Message History

A komodo dragon comes into view.
Darkkill's illusion is no longer moving slowly.
The cane toad stings your neqoxec!
Your neqoxec closely misses the cane toad.
The gnoll closely misses your neqoxec.
You see here a blink frog corpse.
The cane toad barely misses your neqoxec.
The komodo dragon closely misses your neqoxec.
Your neqoxec hits the komodo dragon.
The cane toad barely misses your neqoxec.
Something closely misses your neqoxec. The komodo dragon bites your neqoxec!!
Your neqoxec dies!
Your neqoxec disappears in a puff of smoke!
Darkkill's illusion hits the cane toad!
You see here a blink frog corpse.
Darkkill's illusion shimmers and vanishes!
Darkkill's illusion hits the cane toad.
You swap places.
Darkkill's illusion shimmers and vanishes!
Your killer bee stings the cane toad!
The cane toad misses you.
Your killer bee barely misses the cane toad.
You slash the cane toad!
You tail-slap the cane toad, but do no damage.
The cane toad is almost dead.
Your +0 spectral lajatang hits the cane toad but does no damage.
Your killer bee stings the cane toad!
The cane toad dies!
The naga completely misses you.
Your killer bee barely misses the naga.
Your Long Blades skill increases to level 15!
You swap places.
Your +0 spectral lajatang disappears.
The komodo dragon closely misses you.
The vampire mosquito barely misses your killer bee.
A dream sheep comes into view.
The naga completely misses you. x2; Your killer bee stings the naga.
You see here a cane toad corpse.
You swap places.
A dream sheep comes into view.
Your killer bee stings the naga.
The komodo dragon bites you!
The dream sheep shake their wool and sparkle.
You feel drowsy...
You fall asleep.
The vampire mosquito bites you.
You wake up.
The vampire mosquito draws strength from your injuries!
The naga barely misses you. The naga grabs you. The naga constricts you.
Your killer bee stings the naga but does no damage.
You draw a card...
You have drawn Vitriol.
Press: ? - help, Shift-Dir - straight line, f - dream sheep
Aim: a dream sheep The bolt of acid hits the komodo dragon!!
The acid corrodes the komodo dragon!
The komodo dragon is heavily wounded.
The bolt of acid hits the iron imp!!
You kill the iron imp!
The bolt of acid hits the gnoll!!
The acid corrodes the gnoll!
You kill the gnoll!
The bolt of acid misses the wolf.
The bolt of acid hits the wolf!
The acid corrodes the wolf!
The wolf is severely wounded.
The bolt of acid hits the dream sheep!!
The acid corrodes the dream sheep!
You kill the dream sheep!
The bolt of acid hits the salamander!!
The salamander is moderately wounded.
You hear a croak.
You hear a bleat!
The vampire mosquito closely misses you.
A wolf comes into view.
The vampire mosquito completely misses you.
Your killer bee barely misses the naga.
The vampire mosquito bites you.
The vampire mosquito draws strength from your injuries!
The komodo dragon bites you!
* * * LOW HITPOINT WARNING * * *
The vampire mosquito barely misses you. The naga completely misses you.
The naga constricts you.
* * * LOW HITPOINT WARNING * * *
Your killer bee stings the naga.
You hear a bleat!
A dream sheep comes into view.
You draw a card...
You have drawn Vitriol.
Press: ? - help, Shift-Dir - straight line, f - dream sheep
Aim: a dream sheep (wandering, hasn't noticed you)
The bolt of acid misses the komodo dragon.
The bolt of acid hits the vampire mosquito!!
The acid corrodes the vampire mosquito!
The vampire mosquito is almost destroyed.
The bolt of acid misses the vampire mosquito.
The bolt of acid hits the blink frog!
The acid corrodes the blink frog!
The blink frog is heavily wounded.
The bolt of acid misses the wolf.
The bolt of acid hits the salamander!
The acid corrodes the salamander!
The salamander is heavily wounded.
The bolt of acid hits the dream sheep!!
The acid corrodes the dream sheep!
The dream sheep is almost dead.
The dream sheep bleats!
The vampire mosquito barely misses you.
The vampire mosquito closely misses you.
Your killer bee stings the naga.
The komodo dragon bites you!!
You die...
Your body glows with a rainbow of weird colours and disappears.

''###### †)############
......'..'...### ...
......'..'.....## ..
.....##..##.....## ..#
)).###....###....# ..#
.†##........###.###..#
')#)..#))#...#..yN#hh#NYY
.)†.).)))....'.†@lyyF'h..
''#.).#†.#.).#.†yy#hg#Y.h
..##†..)....###.### .#
...###....###....# .#
.....##..##.....## #
#.....'..).....##
###...'..'...###
############


You could see a salamander (corroded), a komodo dragon (corroded), a blink frog
(corroded), 4 vampire mosquitoes, a naga (ally target), 4 wolves, 2 dream sheep,
a gnoll and a friendly killer bee (summoned).

Vanquished Creatures
  An entropy weaver (D)
  A cane toad (D)
  An unseen horror (D)
  A rime drake (shapeshifter) (D)
  2 blink frogs (D)
  A dream sheep (D)
  A jumping spider (D)
  A spriggan (D)
  A steam dragon (D)
  3 redbacks (D)
  Menkaure (D)
  A naga (shapeshifter) (D)
  An acid dragon (D)
  A black bear (D)
  A centaur (D)
  2 necrophages (D)
  A scorpion (D)
  A howler monkey (D)
  A quasit (D)
  2 orc priests (D)
  An iron imp (D)
  A gnoll bouda (D)
  Terence (D)
  An orc wizard (D)
  A mummy (D)
  4 gnolls (D)
  A river rat (D)
  A white imp (D)
  An ufetubus (D)
  11 orcs (D)
  An endoplasm (D)
  A giant cockroach (D)
  A goblin (D)
  2 jackals (D)
  A kobold (D)
  A quokka skeleton (D)
  2 rats (D)
57 creatures vanquished.

Vanquished Creatures (collateral kills)
  A two-headed ogre (D)
  A bog body (D)
  A phantasmal warrior (D)
  A cane toad (D)
  A gargoyle (D)
  A wraith (D)
  A fire bat (D)
  A neqoxec (D)
  A kobold brigand (D)
  A killer bee (shapeshifter) (D)
  A hound (D)
  A gnoll (D)
  A river rat (D)
  A worm (D)
14 creatures vanquished.

Vanquished Creatures (others)
  A frilled lizard (D)
1 creature vanquished.

Grand Total: 72 creatures vanquished

Notes
Turn   | Place    | Note
-------+----------+-------------------------------------------
     0 | D        | Darkkill the Draconian Monk began the quest for the Orb.
     0 | D        | Reached XP level 1. HP: 19/19 MP: 1/1
    24 | D        | Found a bloodstained altar of Trog.
    24 | D        | Found a shimmering blue altar of Sif Muna.
    24 | D        | Found a viscous altar of Jiyva.
    24 | D        | Found a hazy altar of Hepliaklqana.
    24 | D        | Found an opulent altar of Gozag.
    25 | D        | Found a glowing golden altar of the Shining One.
    25 | D        | Found a glowing silver altar of Zin.
    25 | D        | Found a basalt altar of Yredelemnul.
    25 | D        | Found a shimmering altar of Xom.
    25 | D        | Found an ornate altar of the Wu Jian Council.
    25 | D        | Found a sacrificial altar of Ru.
    25 | D        | Found a stormy altar of Qazlal.
    25 | D        | Found an iron altar of Okawaru.
    25 | D        | Found a sparkling altar of Nemelex Xobeh.
    25 | D        | Found a burning altar of Makhleb.
    25 | D        | Found a blossoming altar of Fedhas.
    25 | D        | Found a white marble altar of Elyvilon.
    25 | D        | Found a shadowy altar of Dithmenos.
    25 | D        | Found a snail-covered altar of Cheibriados.
    27 | D        | Found a radiant altar of Vehumet.
    27 | D        | Found a corrupted altar of Lugonu.
    28 | D        | Found a hide-covered altar of Uskayaw.
    28 | D        | Found an ancient bone altar of Kikubaaqudgha.
    28 | D        | Found a broken altar of Ashenzari.
    34 | D        | Became a worshipper of Nemelex Xobeh the Trickster
    34 | D        | Reached * piety under Nemelex Xobeh
    34 | D        | Received a gift from Nemelex Xobeh
    34 | D        | Received a gift from Nemelex Xobeh
    34 | D        | Reached ** piety under Nemelex Xobeh
   109 | D        | Received a gift from Nemelex Xobeh
   137 | D        | Reached skill level 4 in Fighting
   143 | D        | Noticed a scorpion
   147 | D        | Reached XP level 2. HP: 20/28 MP: 2/2
   150 | D        | Killed a scorpion
   151 | D        | Reached skill level 6 in Fighting
   151 | D        | Reached skill level 5 in Long Blades
   151 | D        | Reached skill level 5 in Dodging
   151 | D        | Reached XP level 3. HP: 22/37 MP: 3/3
   151 | D        | Reached XP level 4. HP: 26/44 MP: 4/4
   229 | D        | Reached *** piety under Nemelex Xobeh
   230 | D        | Noticed an orc warrior
   237 | D        | an orc warrior changed into a steam dragon
   237 | D        | Noticed a steam dragon
   241 | D        | Killed a steam dragon
   242 | D        | Reached skill level 8 in Fighting
   242 | D        | Reached XP level 5. HP: 16/53 MP: 5/5
   383 | D        | Received a gift from Nemelex Xobeh
   412 | D        | HP: 11/55 [necrophage (4)]
   417 | D        | Reached skill level 9 in Fighting
   417 | D        | Reached XP level 6. HP: 25/63 MP: 6/6
   647 | D        | Noticed an acid dragon
   649 | D        | Killed an acid dragon
   650 | D        | Reached skill level 10 in Fighting
   652 | D        | Noticed Terence
   657 | D        | Killed Terence
   658 | D        | Your scales start taking on a lurid green colour.
   658 | D        | Reached XP level 7. HP: 64/72 MP: 7/7
   658 | D        | Gained mutation: Your system is resistant to poisons.
                  | (rPois) [Green Draconian growth]
   682 | D        | HP: 13/73 [black bear (2)]
   682 | D        | HP: 4/73 [black bear (7)]
   684 | D        | Reached skill level 11 in Fighting
   904 | D        | Received a gift from Nemelex Xobeh
   904 | D        | Noticed Menkaure
   904 | D        | Noticed a cyclops
   904 | D        | Noticed a yak
   904 | D        | Noticed a yak
   904 | D        | Noticed a yak
   904 | D        | Noticed a yak
   904 | D        | Noticed a yak
   904 | D        | Noticed a yak
   906 | D        | a yak changed into a shapeshifter
   906 | D        | Noticed a shapeshifter
   906 | D        | a yak changed into a shapeshifter
   906 | D        | Noticed a shapeshifter
   906 | D        | a yak changed into an unseen horror
   906 | D        | Noticed an unseen horror
   906 | D        | a cyclops changed into a jumping spider
   906 | D        | Noticed a jumping spider
   906 | D        | a yak changed into a shapeshifter
   906 | D        | Noticed a shapeshifter
   906 | D        | a yak changed into a blink frog
   906 | D        | Noticed a blink frog
   906 | D        | a yak changed into an entropy weaver
   906 | D        | Noticed an entropy weaver
   907 | D        | a shapeshifter changed into a naga
   907 | D        | a shapeshifter changed into a killer bee
   907 | D        | a shapeshifter changed into a rime drake
   907 | D        | Noticed a rime drake (shapeshifter)
   908 | D        | Reached skill level 10 in Long Blades
   908 | D        | Killed a jumping spider
   908 | D        | Killed a rime drake
   908 | D        | Killed a blink frog
   908 | D        | Killed an unseen horror
   908 | D        | Killed Menkaure
   909 | D        | Reached skill level 13 in Fighting
   909 | D        | Reached XP level 8. HP: 86/86 MP: 8/8
   909 | D        | Killed an entropy weaver
   910 | D        | Reached skill level 14 in Fighting
   910 | D        | Reached XP level 9. HP: 95/95 MP: 9/9
   915 | D        | Reached **** piety under Nemelex Xobeh
  1061 | D        | Noticed Eustachio
  1064 | D        | Noticed a phantasmal warrior
  1066 | D        | Eustachio changed into Eustachio the howler monkey
  1066 | D        | Noticed Eustachio
  1067 | D        | Killed Eustachio the howler monkey
  1067 | D        | Received a gift from Nemelex Xobeh
  1068 | D        | Noticed a gargoyle
  1069 | D        | Noticed a rust devil
  1077 | D        | Noticed a red devil
  1079 | D        | Killed a gargoyle
  1084 | D        | Killed a phantasmal warrior
  1085 | D        | Reached skill level 15 in Fighting
  1087 | D        | Noticed a bog body
  1093 | D        | Noticed a two-headed ogre
  1095 | D        | Killed a bog body
  1096 | D        | Reached XP level 10. HP: 55/106 MP: 10/10
  1105 | D        | Killed a two-headed ogre
  1177 | D        | Noticed a cane toad
  1185 | D        | Killed a cane toad
  1186 | D        | Reached skill level 16 in Fighting
  1242 | D        | Reached ***** piety under Nemelex Xobeh
  1242 | D        | Received a gift from Nemelex Xobeh
  1243 | D        | Noticed a cane toad
  1258 | D        | Noticed a salamander
  1266 | D        | Killed a cane toad
  1267 | D        | Reached skill level 15 in Long Blades
  1269 | D        | HP: 20/108 [constriction (2)]
  1270 | D        | Slain by a komodo dragon

Illustrated notes

Levels and vault maps discovered:
D:        pitsprint [storerooms_1, entrance_room_1, metal_vault_4, armoury_2,
          mini_pit_1, grid_room_1, main_hall_1, silver_pit, the_coven_1,
          the_vestibule_1, steel_vault_1, golden_pit, hallway_of_sentries,
          crystal_vault_5, iron_vault_4, final_vault]

Skill      XL: |  1  2  3  4  5  6  7  8  9 10 |
---------------+-------------------------------+-----
Fighting       | 4 6 8 9 10 13 14 15 16 | 16.6
Dodging        | 3 5 6 7 8 11 12 13 | 13.9
Long Blades    | 4 5 7 8 9 12 14 15 | 15.1

Action                     |  1- 3 |  4- 6 |  7- 9 | 10-12 || total
---------------------------+-------+-------+-------+-------++-------
  Melee: Trident           |    15 |    45 |    25 |       ||    85
         Falchion          |     7 |       |       |       ||     7
         Tailslap          |     1 |     8 |     6 |     8 ||    23
         Lajatang          |       |       |    13 |    18 ||    31
 Invoke: Draw Destruction  |       |     7 |    11 |     6 ||    24
         Draw Summoning    |       |       |     5 |     5 ||    10
    Use: Potion            |       |     2 |     5 |     1 ||     8
         Scroll            |       |       |     1 |     1 ||     2
 Armour: Skin              |    10 |    12 |    44 |     5 ||    71
  Dodge: Dodged            |    20 |    48 |   131 |    44 ||   243

Table legend: (Time is in decaauts)
 A = Elapsed time spent in this place.
 B = Non-inter-level travel time spent in this place.
 C = Inter-level travel time spent in this place.
 D = Time resting spent in this place.
 E = Time spent auto-exploring this place.
 F = Levels seen in this place.
 G = Mean time per level.
                   A        B        C        D        E       F      G
               +--------+--------+--------+--------+--------+-----+--------+
         Total |   1353 |   1283 |     70 |    606 |      0 |   1 | 1353.0 |
       Dungeon |   1353 |   1283 |     70 |    606 |      0 |   1 | 1353.0 |
               +--------+--------+--------+--------+--------+-----+--------+

Top non-repeatable levels by time:
       D: 1353 daAuts

Levels and vault maps discovered:
D:        pitsprint [storerooms_1, entrance_room_1, metal_vault_4, armoury_2,
          mini_pit_1, grid_room_1, main_hall_1, silver_pit, the_coven_1,
          the_vestibule_1, steel_vault_1, golden_pit, hallway_of_sentries,
          crystal_vault_5, iron_vault_4, final_vault]

Table legend: (Time is in decaauts)
 A = Elapsed time spent in this place.
 B = Non-inter-level travel time spent in this place.
 C = Inter-level travel time spent in this place.
 D = Time resting spent in this place.
 E = Time spent auto-exploring this place.
 F = Levels seen in this place.
 G = Mean time per level.
                   A        B        C        D        E       F      G
               +--------+--------+--------+--------+--------+-----+--------+
         Total |   1353 |   1283 |     70 |    606 |      0 |   1 | 1353.0 |
       Dungeon |   1353 |   1283 |     70 |    606 |      0 |   1 | 1353.0 |
               +--------+--------+--------+--------+--------+-----+--------+

Top non-repeatable levels by time:
       D: 1353 daAuts

Table legend:
 A = Kills in this place as a percentage of kills in the entire game.
 B = Kills by you in this place as a percentage of kills by you in the entire game.
 C = Kills by friends in this place as a percentage of kills by friends in the entire game.
 D = Other kills in this place as a percentage of other kills in the entire game.
 E = Experience gained in this place as a percentage of experience gained in the entire game.
 F = Experience gained in this place divided by the number of levels of this place that you have seen.
                   A       B       C       D       E      F
               +-------+-------+-------+-------+-------+----------------------
         Total | 100.0 | 100.0 | 100.0 |   N/A | 100.0 | 9164.0
       Dungeon | 100.0 | 100.0 | 100.0 |   N/A | 100.0 | 9164.0
               +-------+-------+-------+-------+-------+----------------------
